 Dungeon Crawl Stone Soup version coffee-0.2.0 (webtiles) character file.

Game seed: 16974221141977096885, levelgen mode: deterministic

19809 Dorkslayer the Carver (level 13, -8/89 HPs)
             Began as a Human Fighter on Sept 20, 2020.
             Was a Follower of the Shining One.
             Mangled by a red draconian monk (10 damage)
             ... in the Realm of Zot.
             The game lasted 00:38:49 (8580 turns).

Dorkslayer the Carver (Human Fighter)               Turns: 8580, Time: 00:38:50

Health: -8/89      AC: 22    Str: 24    XL:     13   Next: 7%
Magic:  17/18      EV: 11    Int: 10    God:    the Shining One [*.....]
Gold:   473        SH: 16    Dex: 13    Spells: 12/12 levels left

rFire    + . .     SeeInvis .   t - +9 double sword (elec)
rCold    + . .     Gourm    .   c - +0 kite shield
rNeg     . . .     Faith    .   v - +0 plate armour
rPois    .         Spirit   .   d - +0 helmet
rElec    +         Reflect  +   a - +2 cloak
rCorr    .         Harm     .   g - +0 pair of gloves
MR       .....     Rnd*Tele +   r - +0 pair of boots
Stlth    +.........             H - +3 amulet of reflection
HPRegen  0.24/turn              y - ring of protection from fire
MPRegen  0.16/turn              A - ring of protection from cold

@: glowing
A: camouflage 1, clever 1, frail 1, electricity resistance, strong 1,
teleportitis 1
a: Renounce Religion


You were in the Realm of Zot.
You worshipped the Shining One.
The Shining One was aware of your devotion.
You were not hungry.

You visited 3 branches of the dungeon, and saw 12 of its levels.

You collected 734 gold pieces.
You spent 261 gold pieces at shops.

Inventory:

Hand Weapons
 l - a +1 double sword
 t - a +9 double sword of electrocution (weapon)
 I - a +1 hand axe of flaming
Missiles
 b - 7 curare-tipped darts
 p - 71 poisoned darts
 z - 11 boomerangs
 E - a throwing net (quivered)
Armour
 a - a +2 cloak (worn)
 c - a +0 kite shield (worn)
 d - a +0 helmet (worn)
 g - a +0 pair of gloves (worn)
 r - a +0 pair of boots (worn)
 v - a +0 plate armour (worn)
Jewellery
 y - a ring of protection from fire (left hand)
 A - a ring of protection from cold (right hand)
 H - a +3 amulet of reflection (around neck)
 N - an uncursed amulet of guardian spirit
Wands
 q - a wand of polymorph (7)
Scrolls
 e - a scroll of holy word
 h - a scroll of enchant weapon
 i - 2 scrolls of fog
 m - a scroll of magic mapping
 n - 2 scrolls of blinking
 s - 6 scrolls of remove curse
 u - 3 scrolls of immolation
 w - 2 scrolls of teleportation
 B - 3 scrolls of enchant armour
 F - 3 scrolls of amnesia
Potions
 k - a potion of resistance
 x - a potion of invisibility
 C - a potion of brilliance
 D - 2 potions of cancellation
 M - a potion of magic
Comestibles
 f - 16 rations


   Skills:
 + Level 8.4(11.2) Fighting
 + Level 13.4 Long Blades
 + Level 3.1 Throwing
 + Level 7.1(10.8) Armour
 + Level 2.1(9.6) Dodging
 + Level 9.5(11.7) Shields
 * Level 6.7 Evocations


You had 12 spell levels left.
You didn't know any spells.
Your spell library contained the following spells:

 Spells                   Type           Power        Failure   Level  Hunger
 Foxfire                  Conj/Fire      #...         95%         1    None
 Magic Dart               Conj           #...         95%         1    None
 Blink                    Tloc           N/A          98%         2    #......
 Call Imp                 Summ           #.......     98%         2    #......
 Searing Ray              Conj           #.....       98%         2    #......
 Slow                     Hex            #.......     98%         2    #......
 Confusing Touch          Hex            #.......     100%        3    ###....
 Conjure Flame            Conj/Fire      #.......     100%        3    ###....
 Dazzling Flash           Conj/Hex       #.....       100%        3    ###....
 Gell's Gravitas          Tloc           #.........   100%        3    ###....
 Inner Flame              Hex/Fire       #.......     100%        3    ###....
 Mephitic Cloud           Conj/Pois/Air  #.......     100%        3    ###....
 Fulminant Prism          Conj/Hex       #.........   100%        4    ####...
 Iskenderun's Mystic Bla  Conj/Tloc      #.......     100%        4    ####...
 Petrify                  Tmut/Erth      #.......     100%        4    ####...
 Sticky Flame             Conj/Fire      #.......     100%        4    ####...
 Bolt of Magma            Conj/Fire/Erth #.........   100%        5    ######.
 Fireball                 Conj/Fire      #.........   100%        5    ######.
 Iskenderun's Battlesphe  Conj/Chrm      #.......     100%        5    ######.
 Metabolic Englaciation   Hex/Ice        ##........   100%        5    ######.
 Yara's Violent Unravell  Hex/Tmut       #.........   100%        5    ######.
 Iron Shot                Conj/Erth      #.........   100%        6    #######
 Orb of Destruction       Conj           #.........   100%        7    #######
 Spellforged Servitor     Conj/Summ      #.........   100%        7    #######


Dungeon Overview and Level Annotations

Branches:
Dungeon (10/10)            Temple (1/1) D:2             Zot (1/1) D:10

Altars:
Ashenzari
Cheibriados
Dithmenos
Elyvilon
Fedhas
Gozag
Hepliaklqana
Kikubaaqudgha
Makhleb
Nemelex Xobeh
Okawaru
Qazlal
Ru
Sif Muna
Trog
Uskayaw
Vehumet
Wu Jian
Xom
Yredelemnul
Zin
The Shining One
Lugonu

Shops:
D:8 }?(%


Innate Abilities, Weirdness & Mutations

Your skin changes colour to match your surroundings (Stealth+).
Your mind is acute. (Int +2)
You are frail. (-10% HP)
You are resistant to electric shocks. (rElec)
Your muscles are strong. (Str +2)
You are occasionally teleported next to monsters.


Message History

The red draconian monk is moderately wounded.
The purple draconian hits you with a +0 flail!
* * * LOW HITPOINT WARNING * * *
The red draconian monk breathes flames at you.
The searing blast hits you but does no damage.
You block the red draconian monk's attack. x2
The red draconian monk tail-slaps you but does no damage.
Okay, then.
You slice the purple draconian!!
The purple draconian is severely wounded.
The red draconian monk closely misses you.
The red draconian monk kicks you but does no damage.
The red draconian monk tail-slaps you but does no damage.
The purple draconian closely misses you.
You slice the purple draconian!!
You kill the purple draconian!
The red draconian monk hits you but does no damage.
The red draconian monk kicks you but does no damage.
The red draconian monk tail-slaps you!
You die...

##### #.(.# #####
#######...#######...#######
...........^.(.............
.......)...................
.^.....#)q..⌠.....⌠........
....d###°)@...##.....##...#
##.. #......##..........#
#. #...#####..........# #
#.☼.# #..........# ......
..............
.⌠....................
......................
#......#####...###^....
#.... #.....


You could see a red draconian monk.

Vanquished Creatures
  4 two-headed ogres
  2 deep elf knights (D:10)
  A storm dragon (D:10)
  A shadow dragon (D:10)
  An unseen horror (D:10)
  An orc knight (D:10)
  A draconian annihilator (D:10)
  A draconian shifter (D:10)
  A fire dragon (D:10)
  An ice dragon (D:10)
  3 black draconians (D:10)
  4 purple draconians
  2 green draconians
  A white draconian (Zot)
  2 yellow draconians
  2 trolls
  A hornet (D:10)
  5 slime creatures (D:10)
  5 hippogriffs
  Sigmund (D:2)
  3 yaks (D:10)
  3 vampires (D:10)
  A hungry ghost (D:8)
  An acid dragon (D:9)
  6 orc warriors
  3 sky beasts
  3 phantoms
  8 ogres
  5 ice beasts
  2 centaurs
  3 big kobolds
  5 bullfrogs
  A gnoll sergeant (D:9)
  2 wyvern skeletons
  A scorpion (D:4)
  9 wights
  3 howler monkeys
  A crimson imp (D:5)
  6 centaur zombies
  2 bullfrog zombies
  6 jellies
  A quasit (D:5)
  9 orc priests
  8 hounds
  3 bullfrog skeletons
  3 gnoll shamans
  4 orc wizards
  An iguana (D:6)
  Jessica (D:3)
  4 centaur skeletons
  Terence (D:2)
  6 worker ants
  2 hound skeletons
  Robin (D:2)
  16 gnolls
  3 adders
  3 shadow imps
  A worm (D:2)
  4 dart slugs
  2 leopard geckos (D:3)
  26 orcs
  6 bats
  12 goblins
  8 hobgoblins
  3 jackals (D:3)
  28 kobolds
  A quokka (D:2)
  A ball python (D:2)
  5 frilled lizards
  6 rats
283 creatures vanquished.

Notes
Turn   | Place    | Note
-------+----------+-------------------------------------------
     0 | D:1      | Dorkslayer the Human Fighter began the quest for the Orb.
     0 | D:1      | Reached XP level 1. HP: 18/18 MP: 1/1
    89 | D:1      | Reached XP level 2. HP: 24/24 MP: 2/2
   481 | D:1      | Reached XP level 3. HP: 29/29 MP: 3/3
   673 | D:2      | Found a staircase to the Ecumenical Temple.
   702 | Temple   | Entered the Ecumenical Temple
   837 | D:2      | Found a blossoming altar of Fedhas.
   946 | D:2      | Found a stormy altar of Qazlal.
  1050 | D:2      | Noticed Sigmund
  1055 | D:2      | Killed Sigmund
  1055 | D:2      | Reached skill level 4 in Long Blades
  1055 | D:2      | Reached skill level 1 in Dodging
  1055 | D:2      | Reached XP level 4. HP: 35/35 MP: 4/4
  1055 | D:2      | Reached XP level 5. HP: 41/41 MP: 5/5
  1055 | D:2      | Reached XP level 6. HP: 47/47 MP: 6/6
  1126 | D:2      | Found a hazy altar of Hepliaklqana.
  1128 | D:2      | Found a burning altar of Makhleb.
  1128 | D:2      | Found a stormy altar of Qazlal.
  1147 | D:2      | Found a bloodstained altar of Trog.
  1147 | D:2      | Found a blossoming altar of Fedhas.
  1147 | D:2      | Found a shimmering altar of Xom.
  1251 | D:2      | Noticed Robin
  1260 | D:2      | Killed Robin
  1346 | D:2      | Noticed Terence
  1352 | D:2      | Killed Terence
  1531 | D:2      | Found a burning altar of Makhleb.
  1690 | D:3      | Found a shadowy altar of Dithmenos.
  1855 | D:3      | Found a shattered altar of Ashenzari.
  1941 | D:3      | Reached XP level 7. HP: 53/53 MP: 7/7
  2025 | D:3      | Found a hazy altar of Hepliaklqana.
  2047 | D:3      | Identified the amulet of Ehogum {Faith rN+ MR+} (You
                  | acquired it on level 3 of the Dungeon)
  2126 | D:3      | Found an iron altar of Okawaru.
  2127 | D:3      | Found an ornate altar of the Wu Jian Council.
  2127 | D:3      | Found a shimmering blue altar of Sif Muna.
  2127 | D:3      | Found an ancient bone altar of Kikubaaqudgha.
  2361 | D:3      | Noticed Jessica
  2366 | D:3      | Killed Jessica
  2442 | D:4      | Reached skill level 5 in Long Blades
  2839 | D:5      | Entered Level 5 of the Dungeon
  2871 | D:5      | Reached skill level 6 in Long Blades
  2872 | D:5      | Reached XP level 8. HP: 59/60 MP: 8/8
  2979 | D:5      | Found a basalt altar of Yredelemnul.
  3093 | D:5      | Found a bloodstained altar of Trog.
  3167 | D:5      | Reached skill level 5 in Shields
  3245 | D:5      | Reached skill level 7 in Long Blades
  3795 | D:6      | Reached XP level 9. HP: 58/66 MP: 9/9
  3825 | D:6      | Reached skill level 1 in Throwing
  4109 | D:6      | Reached skill level 5 in Fighting
  4110 | D:6      | Reached skill level 8 in Long Blades
  4276 | D:6      | Noticed a hippogriff
  4294 | D:6      | Killed a hippogriff
  4294 | D:6      | Reached skill level 5 in Armour
  4408 | D:6      | Found a sacrificial altar of Ru.
  4511 | D:7      | Noticed a troll
  4521 | D:7      | Killed a troll
  4521 | D:7      | Reached skill level 9 in Long Blades
  4800 | D:7      | Reached XP level 10. HP: 74/74 MP: 10/10
  5271 | D:8      | Found Jiwkuiqe's Food Emporium.
  5290 | D:8      | Reached skill level 10 in Long Blades
  5525 | D:8      | Found Kaiziant's Gadget Boutique.
  5552 | D:8      | Reached skill level 1 in Evocations
  5589 | D:8      | Bought a wand of iceblast (9) for 156 gold pieces
  5650 | D:8      | Found Taxax's Weapon Boutique.
  5800 | D:8      | Found Akhot's Magic Scroll Shop.
  5824 | D:8      | Bought a scroll of enchant weapon for 105 gold pieces
  5925 | D:8      | Gained mutation: You are agile. (Dex +2) [potion of
                  | mutation]
  5925 | D:8      | Gained mutation: You can translocate small distances at
                  | will. [potion of mutation]
  5925 | D:8      | Gained mutation: You are occasionally teleported next to
                  | monsters. [potion of mutation]
  5925 | D:8      | Gained mutation: Your muscles are strong. (Str +2) [potion
                  | of mutation]
  5926 | D:8      | Lost mutation: You can translocate small distances at will.
                  | [potion of mutation]
  5926 | D:8      | Lost mutation: You are agile. (Dex +2) [potion of mutation]
  5926 | D:8      | Gained mutation: You are resistant to electric shocks.
                  | (rElec) [potion of mutation]
  5926 | D:8      | Gained mutation: Your mind is acute. (Int +2) [potion of
                  | mutation]
  5926 | D:8      | Gained mutation: You are frail. (-10% HP) [potion of
                  | mutation]
  5926 | D:8      | Gained mutation: Your skin changes colour to match your
                  | surroundings (Stealth+). [potion of mutation]
  6032 | D:9      | Found a snail-covered altar of Cheibriados.
  6116 | D:9      | Noticed a two-headed ogre
  6121 | D:9      | Killed a two-headed ogre
  6149 | D:9      | Reached XP level 11. HP: 72/72 MP: 12/12
  6265 | D:9      | Reached skill level 11 in Long Blades
  6326 | D:9      | Noticed a two-headed ogre
  6337 | D:9      | Killed a two-headed ogre
  6633 | D:9      | Found a glowing golden altar of the Shining One.
  6650 | D:9      | Became a worshipper of the Shining One
  6681 | D:10     | Entered Level 10 of the Dungeon
  6681 | D:10     | Noticed a two-headed ogre
  6687 | D:10     | Killed a two-headed ogre
  6900 | D:10     | Noticed a shadow dragon
  6903 | D:10     | Noticed a green draconian annihilator
  6910 | D:10     | Killed a green draconian annihilator
  6916 | D:10     | Killed a shadow dragon
  6930 | D:10     | Reached skill level 12 in Long Blades
  7172 | D:10     | Reached XP level 12. HP: 81/81 MP: 15/15
  7185 | D:10     | Reached skill level 5 in Evocations
  7208 | D:10     | Reached * piety under the Shining One
  7213 | D:10     | HP: 2/81 [purple draconian/bolt of dispelling energy (32)]
  7253 | D:10     | Noticed a two-headed ogre
  7258 | D:10     | HP: 3/82 [yak (3)]
  7267 | D:10     | Killed a two-headed ogre
  7579 | D:10     | Noticed an unseen horror
  7583 | D:10     | Killed an unseen horror
  7756 | D:10     | Found a radiant altar of Vehumet.
  7788 | D:10     | Reached skill level 13 in Long Blades
  7845 | D:10     | Noticed a deep elf knight
  7845 | D:10     | Noticed a deep elf knight
  7907 | D:10     | Killed a deep elf knight
  7998 | D:10     | Killed a deep elf knight
  8256 | D:10     | Noticed a storm dragon
  8270 | D:10     | Killed a storm dragon
  8275 | D:10     | Found a gate to the Realm of Zot.
  8512 | Zot      | Entered the Realm of Zot
  8563 | Zot      | Noticed a red draconian monk
  8568 | Zot      | Reached XP level 13. HP: 26/89 MP: 17/17
  8576 | Zot      | The Shining One protects you from harm!
  8577 | Zot      | HP: 1/89 [purple draconian/+0 flail (9)]
  8580 | Zot      | Mangled by a red draconian monk

Levels and vault maps discovered:
D:1:      dpeg_arrival_leaves_temple_mockup, layout_loops_ring
D:2:      layout_loops_corners, lemuel_crystal_altar, fedhas_altar_2,
          makhleb_heckhound_becter, minmay_temple_entry_glass, first_ration,
          minmay_misc_feat_five, doesnt_xom_only_xom, uniq_terence, uniq_robin,
          uniq_sigmund
D:3:      layout_basic, grunt_temple_overflow_open,
          lemuel_coloured_pillars_altar, lemuel_crystal_altar,
          nicolae_overflow_crystal_walls, uniq_jessica
D:4:      layout_rooms, minmay_distorted
D:5:      layout_basic, lightli_temple_of_fire, yredelemnul_altar_generic,
          hangedman_abyss_or_decor_passed
D:6:      layout_cave_pods, nicolae_ru_the_path_less_chosen
D:7:      minmay_recursive_quarters, layout_rooms, grunt_ogre_cave,
          dk_rats_in_the_wall
D:8:      layout_loops_ring, serial_shops, shop, shop, shop,
          nicolae_shop_waterfront
D:9:      layout_rooms, nicolae_tso_carved_into_rock, cheibriados_altar_1,
          roderic_lattice_a
D:10:     grunt_zot_entry_gee_three, layout_loops_cross, basic_altar,
          amethyst_killhole, minivault_25_ag
Temple:   corrupted_temple
Zot:      layout_misc_corridors

Skill      XL: |  1  2  3  4  5  6  7  8  9 10 11 12 |
---------------+-------------------------------------+-----
Long Blades    | 4 6 7 9 10 12 13 | 13.4
Dodging        | 1 2 |  2.1
Shields        | 4 5 6 7 8 9 |  9.5
Fighting       | 4 5 6 7 8 |  8.4
Armour         | 4 5 6 7 |  7.1
Throwing       | 1 2 3 |  3.1
Evocations     | 2 4 6 |  6.7

Action                   |  1- 3 |  4- 6 |  7- 9 | 10-12 | 13-15 || total
-------------------------+-------+-------+-------+-------+-------++-------
Melee: Long sword        |    29 |       |       |       |       ||    29
       Double sword      |    51 |    70 |   195 |   358 |     8 ||   682
Throw: Dart              |       |       |    28 |    28 |       ||    56
       Throwing net      |       |       |       |     4 |     1 ||     5
Evoke: Wand              |       |       |       |    11 |       ||    11
  Use: Scroll            |     1 |       |     3 |     7 |       ||    11
       Potion            |       |     2 |     3 |     7 |       ||    12
 Stab: Sleeping          |       |     1 |       |       |       ||     1
  Eat: Chunk             |     1 |     3 |     5 |     6 |       ||    15
       Ration            |       |       |     2 |     2 |       ||     4
Armor: Scale mail        |    39 |    27 |    16 |       |       ||    82
       Plate armour      |       |       |   108 |   109 |     6 ||   223
Dodge: Dodged            |    38 |    30 |    69 |    86 |     3 ||   226
       Deflected         |       |       |     2 |     4 |       ||     6
Block: Kite shield       |    43 |    44 |   120 |   235 |     8 ||   450
       Reflection        |       |       |       |    10 |       ||    10
       Rpst.: Long sword |     4 |       |       |       |       ||     4
       Double sword      |     7 |     8 |    24 |    21 |       ||    60
